| TOP OF THE 1ST |
|
Monterrey Lasers batting - Pitching for Guadalajara Marianchis : LHP Ronald Hall
|
|
Pitching: LHP Ronald Hall
|
|
|
Batting: RHB Bob Brower
|
0-0: Ball 1-0: Called Strike 1-1: Fly out, F7 (Line Drive, 7, EV 90.6 MPH)
|
|
Batting: LHB Mike Kingery
|
0-0: Ball 1-0: Ball 2-0: Ground out 6-3 (Groundball, 6, EV 82.5 MPH)
|
|
Batting: RHB Kirby Puckett
|
0-0: Ball 1-0: Ball 2-0: Called Strike 2-1: Swinging Strike 2-2: SINGLE (Groundball, 34D, EV 105.6 MPH)
|
|
Batting: LHB Lenny Dykstra
|
0-0: Ball 1-0: Called Strike 1-1: Foul Ball, location: 2F 1-2: Foul Ball, location: 2F 1-2: Foul Ball, location: 2F 1-2: Ground out 5-3 (Groundball, 56, EV 106.3 MPH)
|
| Top of the 1st over - 0 runs, 1 hit, 0 errors, 1 left on base; Monterrey 0 - Guadalajara 0 |
| BOTTOM OF THE 1ST |
|
Guadalajara Marianchis batting - Pitching for Monterrey Lasers : LHP Tim Conroy
|
|
Pitching: LHP Tim Conroy
|
|
|
Batting: RHB Jack Lopez
|
0-0: Ball 1-0: Ball 2-0: Ball 3-0: Called Strike 3-1: Called Strike 3-2: Base on Balls
|
|
Batting: RHB Steven Patterson
|
0-0: Called Strike 0-1: Called Strike 0-2: Fielders Choice at 2nd, 5-4 (Groundball, 5, EV 83.1 MPH)
|
|
Batting: SHB Spike Owen
|
0-0: Swinging Strike 0-1: Ball 1-1: Foul Ball, location: 2F 1-2: Ball 2-2: Foul Ball, location: 2F 2-2: SINGLE (Groundball, 6MD, EV 96.3 MPH) Steven Patterson to second Runner from 2nd tries for 3rd, SAFE, no throw by CF
|
|
Batting: RHB George Foussianes
|
0-0: Ball 1-0: Called Strike 1-1: Ball 2-1: Swinging Strike 2-2: Foul Ball, location: 2F 2-2: Strikes out swinging
|
|
Batting: RHB Jose Gonzalez
|
0-0: Called Strike 0-1: Ball 1-1: TRIPLE (Line Drive, 8RXD, EV 100.0 MPH) Steven Patterson scores Spike Owen scores
|
|
Batting: RHB Jeff Rudolph
|
0-0: Called Strike 0-1: Ball Wild Pitch! Jose Gonzalez scores 1-1: Foul Ball, location: 2F 1-2: Foul Ball, location: 2F 1-2: Foul Ball, location: 2F 1-2: Ball 2-2: Fly out, F7 (Flyball, 78M, EV 88.8 MPH)
|
| Bottom of the 1st over - 3 runs, 2 hits, 0 errors, 0 left on base; Monterrey 0 - Guadalajara 3 |
| TOP OF THE 2ND |
|
Monterrey Lasers batting - Pitching for Guadalajara Marianchis : LHP Ronald Hall
|
|
Batting: RHB Juan Alvarez
|
0-0: Ball 1-0: Foul Ball, location: 2F 1-1: Ball 2-1: Ball 3-1: Base on Balls
|
|
Batting: RHB Victor Woods
|
0-0: Foul Ball, location: 2F 0-1: Ball 1-1: DOUBLE (Line Drive, 78M, EV 98.8 MPH) Juan Alvarez to third
|
|
Batting: RHB Guillermo Montiel
|
0-0: Foul Ball, location: 2F 0-1: Swinging Strike 0-2: Ball 1-2: Strikes out swinging
|
|
Batting: RHB Bob Melvin
|
0-0: Called Strike 0-1: Swinging Strike 0-2: Ball 1-2: Ball 2-2: Fly out, F8 (Flyball, 89M, EV 81.3 MPH) Runner from 3rd tags up, SCORES, throw by CF
|
|
Batting: RHB Juan Castro
|
0-0: Ball 1-0: Ground out U3 (Groundball, 3, EV 78.8 MPH)
|
| Top of the 2nd over - 1 run, 1 hit, 0 errors, 1 left on base; Monterrey 1 - Guadalajara 3 |
| BOTTOM OF THE 2ND |
|
Guadalajara Marianchis batting - Pitching for Monterrey Lasers : LHP Tim Conroy
|
|
Batting: RHB Billy Prather
|
0-0: Called Strike 0-1: Ball 1-1: Ground out 4-3 (Groundball, 4, EV 81.3 MPH)
|
|
Batting: LHB Erik Nelson
|
0-0: Foul Ball, location: 2F 0-1: Swinging Strike 0-2: Strikes out swinging
|
|
Batting: LHB Arnulfo Camacho
|
0-0: Fly out, F4 (Line Drive, 4, EV 69.4 MPH)
|
| Bottom of the 2nd over - 0 runs, 0 hits, 0 errors, 0 left on base; Monterrey 1 - Guadalajara 3 |
| TOP OF THE 3RD |
|
Monterrey Lasers batting - Pitching for Guadalajara Marianchis : LHP Ronald Hall
|
|
Batting: RHB Bob Brower
|
0-0: Ball 1-0: Ball 2-0: Ball 3-0: Called Strike 3-1: TRIPLE (Line Drive, 7D, EV 108.1 MPH)
|
|
Batting: LHB Mike Kingery
|
0-0: Ground out 6-3 (Groundball, 6, EV 107.5 MPH) Bob Brower scores
|
|
Batting: RHB Kirby Puckett
|
0-0: Swinging Strike 0-1: SINGLE (Flyball, 4D, EV 95.0 MPH)
|
|
Batting: LHB Lenny Dykstra
|
0-0: Ball 1-0: Ball 2-0: Called Strike 2-1: Fielders Choice at 2nd, 5-4 (Groundball, 56, EV 89.4 MPH)
|
|
Batting: RHB Juan Alvarez
|
0-0: Called Strike Lenny Dykstra steals 2nd base 0-1: Foul Ball, location: 2F 0-2: Ball 1-2: Ball 2-2: Ground out 5-3 (Groundball, 56S, EV 67.5 MPH)
|
| Top of the 3rd over - 1 run, 2 hits, 0 errors, 1 left on base; Monterrey 2 - Guadalajara 3 |
| BOTTOM OF THE 3RD |
|
Guadalajara Marianchis batting - Pitching for Monterrey Lasers : LHP Tim Conroy
|
|
Batting: RHB Jack Lopez
|
0-0: Ball 1-0: Swinging Strike 1-1: Ball 2-1: Ball 3-1: Called Strike 3-2: Ground out U3 (Groundball, 13, EV 88.1 MPH)
|
|
Batting: RHB Steven Patterson
|
0-0: Ball 1-0: Swinging Strike 1-1: Foul Ball, location: 2F 1-2: Ball 2-2: Fly out, F8 (Flyball, 8RD, EV 108.8 MPH)
|
|
Batting: SHB Spike Owen
|
0-0: Swinging Strike 0-1: Foul Ball, location: 2F 0-2: Foul Ball, location: 2F 0-2: Ball 1-2: SINGLE (Line Drive, 6MD, EV 96.9 MPH)
|
|
Batting: RHB George Foussianes
|
0-0: Called Strike Spike Owen steals 2nd base 0-1: Ball 1-1: Ball 2-1: Ball 3-1: Base on Balls
|
|
Batting: RHB Jose Gonzalez
|
0-0: Called Strike 0-1: Ball 1-1: Ball 2-1: Ball 3-1: Foul Ball, location: 2F 3-2: Strikes out looking
|
| Bottom of the 3rd over - 0 runs, 1 hit, 0 errors, 2 left on base; Monterrey 2 - Guadalajara 3 |
| TOP OF THE 4TH |
|
Monterrey Lasers batting - Pitching for Guadalajara Marianchis : LHP Ronald Hall
|
|
Batting: RHB Victor Woods
|
0-0: DOUBLE (Line Drive, 8LD, EV 113.8 MPH)
|
|
Batting: RHB Guillermo Montiel
|
0-0: SINGLE (Groundball, 6MD, EV 103.8 MPH) Victor Woods to third Runner from 3rd tries for Home, SAFE, throw by CF to home
|
|
Batting: RHB Bob Melvin
|
0-0: Ball 1-0: Foul Ball, location: 2F 1-1: Ball 2-1: Fly out, F9 (Flyball, 89S, EV 88.8 MPH)
|
|
Batting: RHB Juan Castro
|
0-0: Called Strike 0-1: Foul Ball, location: 2F 0-2: DOUBLE (Line Drive, 8LD, EV 111.3 MPH) Guillermo Montiel to third Runner from 3rd tries for Home, SAFE, throw by CF to home
|
|
Batting: RHB Bob Brower
|
0-0: Ground out 6-3 (Groundball, 6M, EV 101.9 MPH) Juan Castro to third
|
|
Batting: LHB Mike Kingery
|
0-0: Ball 1-0: Foul Ball, location: 2F 1-1: Ball 2-1: TRIPLE (Line Drive, 78XD, EV 108.8 MPH) Juan Castro scores
|
|
Pitching: LHP Giralldo Palmeira
|
|
|
Batting: RHB Kirby Puckett
|
0-0: Called Strike 0-1: Called Strike 0-2: SINGLE (Line Drive, 9S, EV 88.8 MPH) Mike Kingery scores
|
|
Batting: LHB Lenny Dykstra
|
0-0: Ball 1-0: Ball 2-0: Called Strike 2-1: Ball 3-1: Foul Ball, location: 2F 3-2: SINGLE (Groundball, 34D, EV 100.0 MPH) Kirby Puckett to second Kirby Puckett to third
|
|
Batting: RHB Juan Alvarez
|
0-0: Ball 1-0: Ball 2-0: SINGLE (Flyball, 34D, EV 95.6 MPH) Kirby Puckett scores Lenny Dykstra to second Runner from 2nd tries for 3rd, SAFE, no throw by RF
|
|
Batting: RHB Victor Woods
|
0-0: Ball 1-0: Swinging Strike 1-1: Ball 2-1: Ball 3-1: Called Strike 3-2: Strikes out looking
|
| Top of the 4th over - 5 runs, 7 hits, 0 errors, 2 left on base; Monterrey 7 - Guadalajara 3 |
| BOTTOM OF THE 4TH |
|
Guadalajara Marianchis batting - Pitching for Monterrey Lasers : LHP Tim Conroy
|
|
Batting: RHB Jeff Rudolph
|
0-0: Foul Ball, location: 2F 0-1: Ball 1-1: Ball 2-1: Ball 3-1: Foul Ball, location: 2F 3-2: Foul Ball, location: 2F 3-2: Base on Balls
|
|
Batting: RHB Billy Prather
|
0-0: Ball 1-0: Ball 2-0: Ball 3-0: Called Strike 3-1: Foul Ball, location: 2F 3-2: Grounds into double play, 5-4-3 (Groundball, 56S, EV 78.8 MPH)
|
|
Batting: LHB Erik Nelson
|
0-0: Called Strike 0-1: Swinging Strike 0-2: Strikes out swinging
|
| Bottom of the 4th over - 0 runs, 0 hits, 0 errors, 0 left on base; Monterrey 7 - Guadalajara 3 |
| TOP OF THE 5TH |
|
Monterrey Lasers batting - Pitching for Guadalajara Marianchis : LHP Giralldo Palmeira
|
|
Batting: RHB Guillermo Montiel
|
0-0: Ground out 1-3 (Groundball, 13S, EV 75.0 MPH)
|
|
Batting: RHB Bob Melvin
|
0-0: Ball 1-0: Called Strike 1-1: Swinging Strike 1-2: Ball 2-2: Strikes out swinging
|
|
Batting: RHB Juan Castro
|
0-0: Called Strike 0-1: Swinging Strike 0-2: Ball 1-2: Foul Ball, location: 2F 1-2: DOUBLE (Line Drive, 9LM, EV 99.4 MPH)
|
|
Batting: RHB Bob Brower
|
0-0: Called Strike 0-1: Swinging Strike 0-2: Ball 1-2: Ball 2-2: Ball 3-2: Fly out, F3 (Popup, 3F, EV 73.1 MPH)
|
| Top of the 5th over - 0 runs, 1 hit, 0 errors, 1 left on base; Monterrey 7 - Guadalajara 3 |
| BOTTOM OF THE 5TH |
|
Guadalajara Marianchis batting - Pitching for Monterrey Lasers : LHP Tim Conroy
|
|
Batting: LHB Arnulfo Camacho
|
0-0: Swinging Strike 0-1: Ball 1-1: Called Strike 1-2: Fly out, F9 (Line Drive, 9, EV 98.8 MPH)
|
|
Batting: RHB Jack Lopez
|
0-0: Called Strike 0-1: Ball 1-1: Ground out 6-3 (Groundball, 6, EV 81.3 MPH)
|
|
Batting: RHB Steven Patterson
|
0-0: Ball 1-0: Ball 2-0: Ball 3-0: Base on Balls
|
|
Batting: SHB Spike Owen
|
0-0: Swinging Strike 0-1: Fielders Choice at 2nd, 6-4 (Groundball, 6, EV 109.4 MPH)
|
| Bottom of the 5th over - 0 runs, 0 hits, 0 errors, 1 left on base; Monterrey 7 - Guadalajara 3 |
| TOP OF THE 6TH |
|
Monterrey Lasers batting - Pitching for Guadalajara Marianchis : LHP Giralldo Palmeira
|
|
Batting: LHB Mike Kingery
|
0-0: Swinging Strike 0-1: Ball 1-1: Ball 2-1: Ball 3-1: Foul Ball, location: 2F 3-2: Strikes out looking
|
|
Batting: RHB Kirby Puckett
|
0-0: Fly out, F8 (Flyball, 8RS, EV 87.5 MPH)
|
|
Batting: LHB Lenny Dykstra
|
0-0: Ball 1-0: Ball 2-0: Ball 3-0: Base on Balls
|
|
Batting: RHB Juan Alvarez
|
0-0: Ball 1-0: Ball 2-0: Ball 3-0: Base on Balls Lenny Dykstra to second
|
|
Batting: RHB Victor Woods
|
0-0: Ball 1-0: Called Strike 1-1: Ball 2-1: Foul Ball, location: 2F 2-2: Strikes out swinging
|
| Top of the 6th over - 0 runs, 0 hits, 0 errors, 2 left on base; Monterrey 7 - Guadalajara 3 |
| BOTTOM OF THE 6TH |
|
Guadalajara Marianchis batting - Pitching for Monterrey Lasers : LHP Tim Conroy
|
|
Batting: RHB George Foussianes
|
0-0: Ball 1-0: Ball 2-0: Fly out, F6 (Popup, 6D, EV 45.0 MPH)
|
|
Batting: RHB Jose Gonzalez
|
0-0: SINGLE (Line Drive, 7S, EV 101.9 MPH)
|
|
Batting: RHB Jeff Rudolph
|
0-0: Ball 1-0: Called Strike 1-1: Ball 2-1: Foul Ball, location: 2F 2-2: Strikes out looking
|
|
Batting: RHB Billy Prather
|
0-0: Called Strike 0-1: Ball 1-1: Foul Ball, location: 2F 1-2: Strikes out swinging
|
| Bottom of the 6th over - 0 runs, 1 hit, 0 errors, 1 left on base; Monterrey 7 - Guadalajara 3 |
| TOP OF THE 7TH |
|
Monterrey Lasers batting - Pitching for Guadalajara Marianchis : LHP Giralldo Palmeira
|
|
Batting: RHB Guillermo Montiel
|
0-0: Ball 1-0: Fly out, F5 (Popup, 5SF, EV 73.1 MPH)
|
|
Batting: RHB Bob Melvin
|
0-0: Ground out 5-3 (Groundball, 15, EV 79.4 MPH)
|
|
Batting: RHB Juan Castro
|
0-0: Foul Ball, location: 2F 0-1: Foul Ball, location: 2F 0-2: DOUBLE (Line Drive, 9LM, EV 111.9 MPH)
|
|
Pitching: RHP Gary Ezell
|
|
|
Batting: RHB Bob Brower
|
0-0: Ball 1-0: Ball 2-0: Ball 3-0: Base on Balls
|
|
Batting: LHB Mike Kingery
|
0-0: Fly out, F6 (Line Drive, 6, EV 75.6 MPH)
|
| Top of the 7th over - 0 runs, 1 hit, 0 errors, 2 left on base; Monterrey 7 - Guadalajara 3 |
| BOTTOM OF THE 7TH |
|
Guadalajara Marianchis batting - Pitching for Monterrey Lasers : LHP Tim Conroy
|
|
Batting: LHB Erik Nelson
|
0-0: Ball 1-0: Foul Ball, location: 2F 1-1: Swinging Strike 1-2: SINGLE (Groundball, 6MD, EV 95.6 MPH)
|
|
Batting: LHB Arnulfo Camacho
|
0-0: Called Strike 0-1: Ball 1-1: Ball 2-1: Ball 3-1: Foul Ball, location: 2F 3-2: Base on Balls Erik Nelson to second
|
|
Batting: RHB Jack Lopez
|
0-0: Called Strike 0-1: Ball 1-1: Ball 2-1: Grounds into double play, 6-4-3 (Groundball, 6, EV 108.8 MPH) Erik Nelson to third
|
|
Batting: RHB Steven Patterson
|
0-0: Foul Ball, location: 2F 0-1: Ball 1-1: Ground out 4-3 (Groundball, 4, EV 83.1 MPH)
|
| Bottom of the 7th over - 0 runs, 1 hit, 0 errors, 1 left on base; Monterrey 7 - Guadalajara 3 |
| TOP OF THE 8TH |
|
Monterrey Lasers batting - Pitching for Guadalajara Marianchis : RHP Gary Ezell
|
|
Batting: RHB Kirby Puckett
|
0-0: Called Strike 0-1: SINGLE (Groundball, 56D, EV 98.8 MPH)
|
|
Batting: LHB Lenny Dykstra
|
0-0: Ball 1-0: Fly out, F8 (Flyball, 8LM, EV 94.4 MPH)
|
|
Batting: RHB Juan Alvarez
|
0-0: Ground out 6-3 (Groundball, 56D, EV 107.5 MPH) Kirby Puckett to second
|
|
Batting: RHB Victor Woods
|
0-0: Called Strike 0-1: Ball Wild Pitch! Kirby Puckett to third 1-1: Foul Ball, location: 2F 1-2: Ball 2-2: Ball 3-2: Base on Balls
|
|
Batting: RHB Guillermo Montiel
|
0-0: Ball 1-0: Called Strike 1-1: Called Strike 1-2: Ball 2-2: Foul Ball, location: 2F 2-2: Foul Ball, location: 2F 2-2: Ball 3-2: Foul Ball, location: 2F 3-2: Base on Balls Victor Woods to second
|
|
Batting: RHB Bob Melvin
|
0-0: Called Strike 0-1: Foul Ball, location: 2F 0-2: Ball 1-2: Strikes out looking
|
| Top of the 8th over - 0 runs, 1 hit, 0 errors, 3 left on base; Monterrey 7 - Guadalajara 3 |
| BOTTOM OF THE 8TH |
|
Guadalajara Marianchis batting - Pitching for Monterrey Lasers : LHP Tim Conroy
|
|
Batting: SHB Spike Owen
|
0-0: Ground out 6-3 (Groundball, 6MD, EV 101.3 MPH)
|
|
Batting: RHB George Foussianes
|
0-0: Called Strike 0-1: Foul Ball, location: 2F 0-2: Strikes out swinging
|
|
Batting: RHB Jose Gonzalez
|
0-0: SINGLE (Groundball, 4S, EV 67.5 MPH) (infield hit)
|
|
Batting: RHB Jeff Rudolph
|
0-0: Called Strike 0-1: Ball Wild Pitch! Jose Gonzalez to second 1-1: Ball 2-1: Called Strike 2-2: DOUBLE (Line Drive, 78XD, EV 105.6 MPH) Jose Gonzalez scores
|
|
Batting: RHB Billy Prather
|
0-0: Foul Ball, location: 2F 0-1: Ball 1-1: Foul Ball, location: 2F 1-2: Strikes out looking
|
| Bottom of the 8th over - 1 run, 2 hits, 0 errors, 1 left on base; Monterrey 7 - Guadalajara 4 |
| TOP OF THE 9TH |
|
Monterrey Lasers batting - Pitching for Guadalajara Marianchis : RHP Gary Ezell
|
|
Batting: RHB Juan Castro
|
0-0: Reached on error, E5 (Groundball, 56, EV 114.4 MPH)
|
|
Pitching: LHP Frank Miloszewski
|
|
|
Batting: RHB Bob Brower
|
0-0: Called Strike 0-1: Fly out, F8 (Flyball, 8LM, EV 96.9 MPH)
|
|
Batting: LHB Mike Kingery
|
0-0: Called Strike 0-1: Ball 1-1: Ball 2-1: Called Strike 2-2: Ball 3-2: Foul Ball, location: 2F 3-2: Base on Balls Juan Castro to second
|
|
Batting: RHB Kirby Puckett
|
0-0: Called Strike 0-1: Foul Ball, location: 2F 0-2: Ball 1-2: Foul Ball, location: 2F 1-2: Foul Ball, location: 2F 1-2: Foul Ball, location: 2F 1-2: Foul Ball, location: 2F 1-2: Foul Ball, location: 2F 1-2: SINGLE (Line Drive, 8LS, EV 100.6 MPH) Juan Castro to third Mike Kingery to second Runner from 3rd tries for Home, SAFE, throw by CF to home
|
|
Batting: LHB Lenny Dykstra
|
0-0: Ball 1-0: Called Strike 1-1: Ball Mike Kingery steals 3rd base Kirby Puckett to second 2-1: Fly out, F7 (Flyball, 7S, EV 76.9 MPH) Runner from 3rd tags up, SCORES, throw by LF Kirby Puckett to third
|
|
Batting: RHB Juan Alvarez
|
0-0: Ball 1-0: Ball 2-0: Ball 3-0: Called Strike 3-1: Base on Balls
|
|
Batting: RHB Victor Woods
|
0-0: Called Strike 0-1: Ball 1-1: SINGLE (Groundball, 6MD, EV 105.6 MPH) Kirby Puckett scores Juan Alvarez to second Runner from 2nd tries for 3rd, SAFE, throw by CF made to third
|
|
Batting: RHB Guillermo Montiel
|
0-0: Ball 1-0: Ball 2-0: Called Strike 2-1: Foul Ball, location: 2F 2-2: Foul Ball, location: 2F 2-2: Ball 3-2: Base on Balls Victor Woods to second
|
|
Batting: RHB Bob Melvin
|
0-0: Foul Ball, location: 2F 0-1: Foul Ball, location: 2F 0-2: Strikes out swinging
|
| Top of the 9th over - 3 runs, 2 hits, 1 error, 3 left on base; Monterrey 10 - Guadalajara 4 |
| BOTTOM OF THE 9TH |
|
Guadalajara Marianchis batting - Pitching for Monterrey Lasers : LHP Tim Conroy
|
|
Batting: LHB Erik Nelson
|
0-0: Ball 1-0: Foul Ball, location: 2F 1-1: Foul Ball, location: 2F 1-2: Ball 2-2: Foul Ball, location: 2F 2-2: Ground out U3 (Groundball, 3, EV 86.3 MPH)
|
|
Pitching: RHP Bill Davis
|
|
|
Batting: LHB Arnulfo Camacho
|
0-0: Ball 1-0: Swinging Strike 1-1: Called Strike 1-2: Strikes out swinging
|
|
Batting: RHB Jack Lopez
|
0-0: Called Strike 0-1: Ball 1-1: Ball 2-1: Ball 3-1: Base on Balls
|
|
Batting: RHB Steven Patterson
|
0-0: Foul Ball, location: 2F 0-1: Ball 1-1: Called Strike 1-2: Ball 2-2: Ball 3-2: Base on Balls Jack Lopez to second
|
|
Batting: SHB Spike Owen
|
0-0: Called Strike 0-1: Ball 1-1: Fielders Choice at 2nd, 6-4 (Groundball, 6, EV 86.3 MPH)
|
| Bottom of the 9th over - 0 runs, 0 hits, 0 errors, 2 left on base; Monterrey 10 - Guadalajara 4 |
|